Map: Odyssey LE

Players

Staxx - Winner!

  • Race: Protoss Protoss
  • League: Diamond
  • Spawn Location: 11:00

Odanrot

  • Race: Terran Terran
  • League: Diamond
  • Spawn Location: 5:00

VOD

Have the link to the VOD?

Description

Time

  • Played on: Dec. 4, 2017, 2:59 a.m.
  • Length: 4:23
Show
View Real Time Build Order
Export as new Build Order

Staxx Protoss - Winner!

Build Orders:  

Get SALT Encoding   

  12  0:01  Probe  
  13  0:13  Probe  
  14  0:18  Pylon  
  14  0:25  Probe  
  15  0:36  Gateway  
  15  0:39  Probe  
  16  0:51  Assimilator, Probe (Chrono Boost)  
  17  1:02  Probe (Chrono Boost)  
  18  1:05  Probe  
  19  1:27  Zealot  
  19  1:28  Cybernetics Core  
  19  1:32  Probe  
  22  1:34  Gateway  
  22  1:38  Pylon  
  22  1:44  Probe  
  23  1:58  Probe  
  23  2:01  Assimilator  
  24  2:04  Stalker (Chrono Boost)  
  24  2:06  Warp Gate (Chrono Boost)  
  25  2:34  Stalker (Chrono Boost)  
  25  2:35  Stalker (Chrono Boost)  
  27  3:05  Stalker x2  
  31  3:11  Pylon  
  31  3:18  Robotics Facility  
  30  3:41  Probe  
  31  3:53  Probe  
  32  4:04  Stalker x2  
Show
View Real Time Build Order
Export as new Build Order

Odanrot Terran 

Build Orders:  

Get SALT Encoding   

  12  0:01  SCV  
  13  0:18  Supply Depot  
  13  0:19  SCV  
  14  0:31  SCV  
  15  0:51  Barracks  
  15  0:58  Barracks  
  15  1:09  Barracks  
  15  1:14  SCV  
  16  1:34  Supply Depot  
  16  1:35  SCV  
  16  1:39  Marine  
  18  1:47  Marine  
  18  1:52  SCV  
  20  1:57  Marine x2  
  22  2:05  Marine  
  23  2:14  Marine  
  23  2:18  Marine  
  24  2:23  Marine  
  23  2:32  Marine  
  23  2:36  Marine  
  25  2:41  Marine  
  25  2:50  Marine  
  26  2:53  Marine  
  24  2:58  Marine  
  24  2:59  SCV  
  22  3:08  Marine  
  22  3:11  Marine, SCV  
  25  3:16  Marine  
  26  3:26  Marine  
  27  3:29  Marine  
  28  3:34  Marine  
  27  3:43  Marine  
  27  3:47  Marine  
Tags
 
Add a new tag
Caveats
  • Supply blocks, unpowered buildings, or Contaminate may cause inaccurate times.
  • Supply counts are checked every 10 seconds.